 Dungeon Crawl Stone Soup version 0.21.1-1-g345015fe64 (webtiles) character file.

1006 Htamos the Cleaver (level 8, -12/66 HPs)
             Began as a Minotaur Berserker on July 4, 2018.
             Was an Elder of Trog.
             Mangled by an orc warrior
             ... wielding a +0 dire flail
              (21 damage)
             ... on level 5 of the Dungeon.
             The game lasted 00:11:07 (4316 turns).

Htamos the Cleaver (Minotaur Berserker)             Turns: 4316, Time: 00:11:07

Health: -12/66     AC: 12    Str: 22    XL:     8   Next: 0%
Magic:  7/7        EV:  9    Int:  4    God:    Trog [****..]
Gold:   321        SH:  0    Dex: 12    Spells: 7/7 levels left

rFire    . . .     SeeInvis .   a - +0 hand axe
rCold    + . .     Gourm    .   (no shield)
rNeg     . . .     Faith    .   o - +0 chain mail
rPois    .         Spirit   .   (helmet restricted)
rElec    .         Reflect  .   (no cloak)
rCorr    .         Harm     .   (no gloves)
MR       .....                  l - +1 pair of boots
Stlth    ..........             (no amulet)
HPRegen  0.21/turn              b - ring of protection from cold
MPRegen  0.10/turn              (no ring)

@: no status effects
A: retaliatory headbutt, horns 2
a: Berserk, Trog's Hand, Brothers in Arms, Burn Spellbooks, Renounce Religion


You were on level 5 of the Dungeon.
You worshipped Trog.
Trog was greatly pleased with you.
You were near starving.

You visited 1 branch of the dungeon, and saw 5 of its levels.

You collected 321 gold pieces.

Inventory:

Hand Weapons
 a - a +0 hand axe (weapon)
Missiles
 j - a throwing net (quivered)
Armour
 l - a +1 pair of boots (worn)
 o - a +0 chain mail (worn)
Jewellery
 b - a ring of protection from cold (left hand)
Wands
 e - a wand of flame (22)
 f - a wand of paralysis (12)
 q - a wand of acid (8)
Scrolls
 d - 4 scrolls of identify
 k - a scroll of remove curse
 n - 3 scrolls of random uselessness
 r - 2 scrolls of noise
Potions
 h - 2 potions of heal wounds
 s - a potion of brilliance {unknown}
Comestibles
 c - 10 rations


   Skills:
 - Level 3.9 Fighting
 * Level 10.4 Axes
 + Level 5.3 Armour
 - Level 2.3 Dodging


You had 7 spell levels left.
You didn't know any spells.

Dungeon Overview and Level Annotations

Branches:
Dungeon (5/15)             Temple (0/1) D:4

Altars:
Ashenzari
Kikubaaqudgha
Qazlal
Sif Muna
Uskayaw
Vehumet
Xom

Shops:
D:4 *


Innate Abilities, Weirdness & Mutations

You reflexively headbutt those who attack you in melee.
You have a pair of horns on your head.


Message History

You headbutt the orc warrior! You hit the orc warrior.
The orc warrior is severely wounded.
The orc warrior closely misses you.
You hit the orc warrior but do no damage.
The orc warrior is severely wounded.
You hit the orc warrior.
The orc warrior is almost dead.
The orc warrior hits you with a dire flail!
* * * LOW HITPOINT WARNING * * *
You hit the orc warrior but do no damage.
You headbutt the orc warrior.
The orc warrior is almost dead.
The orc warrior hits you with a dire flail!
* * * LOW HITPOINT WARNING * * *
You hit the orc warrior but do no damage.
Your headbutt misses the orc warrior.
The orc warrior is almost dead.
The orc warrior hits you with a dire flail!!
You die...

#.#### #....#.. ####....#########
##...#.. ...#.....#......#
#....#.. .........#......#
#....#.. .........'......#
#....#.. .........#......#
######.. .........##.....#
#....... ...##....##.....######
#....... ...##..........o@....#
#....... ......).......(#..<..#
#>......
...............#.....#####.......
...............#.................
.........####'##.................
.........##....######.....#####..
...##.......>.......#.....#...#..
...##...............#.....#...#..
....................#.....#...#..


You could see an orc warrior.

Vanquished Creatures
  Grinder (D:3)
  A phantom (D:2)
  The ghost of Pieper the Covered, an amateur GrFi (D:3)
  A bullfrog (D:2)
  A scorpion (D:4)
  4 killer bees
  A hound (D:5)
  A jelly (D:5)
  An orc priest (D:5)
  3 orc wizards
  5 adders
  An ooze (D:3)
  3 worms
  4 dart slugs
  4 leopard geckos
  11 orcs
  8 giant cockroaches
  11 goblins
  9 hobgoblins
  17 jackals
  4 ball pythons
  9 bats
  10 frilled lizards
  6 kobolds
  2 leopard gecko skeletons
  7 rats
126 creatures vanquished.

Notes
Turn   | Place    | Note
-------+----------+-------------------------------------------
     0 | D:1      | Htamos the Minotaur Berserker began the quest for the Orb.
     0 | D:1      | Reached XP level 1. HP: 19/19 MP: 0/0
   104 | D:1      | Reached skill level 4 in Axes
   104 | D:1      | Reached XP level 2. HP: 8/27 MP: 1/1
   605 | D:1      | Reached ** piety under Trog
   692 | D:2      | Reached XP level 3. HP: 28/33 MP: 2/2
   820 | D:2      | Reached skill level 5 in Axes
   951 | D:2      | Reached XP level 4. HP: 26/40 MP: 3/3
  1159 | D:2      | Noticed a bullfrog
  1164 | D:2      | Killed a bullfrog
  1164 | D:2      | Reached skill level 6 in Axes
  1164 | D:2      | Reached XP level 5. HP: 25/46 MP: 4/4
  1185 | D:2      | Noticed a phantom
  1205 | D:2      | Killed a phantom
  1205 | D:2      | Reached skill level 7 in Axes
  1472 | D:2      | Reached XP level 6. HP: 52/52 MP: 5/5
  1483 | D:2      | Found a hide-covered altar of Uskayaw.
  1728 | D:3      | Reached *** piety under Trog
  1746 | D:3      | Noticed Grinder
  1757 | D:3      | Killed Grinder
  1757 | D:3      | Reached skill level 8 in Axes
  2078 | D:3      | Noticed a water elemental
  2080 | D:3      | Found a stormy altar of Qazlal.
  2083 | D:3      | Noticed a fire elemental
  2083 | D:3      | Noticed Pieper's ghost (amateur GrFi)
  2096 | D:3      | Killed Pieper's ghost
  2096 | D:3      | Reached XP level 7. HP: 38/58 MP: 6/6
  2149 | D:3      | Noticed an air elemental
  2170 | D:3      | Found a deep blue altar of Sif Muna.
  2170 | D:3      | Found an ancient bone altar of Kikubaaqudgha.
  2172 | D:3      | Found a radiant altar of Vehumet.
  2594 | D:4      | Reached skill level 9 in Axes
  2654 | D:4      | Found Muhusiot's Assorted Antiques.
  2896 | D:4      | Found a shimmering altar of Xom.
  2900 | D:4      | Reached **** piety under Trog
  2963 | D:4      | Found a staircase to the Ecumenical Temple.
  3026 | D:5      | Entered Level 5 of the Dungeon
  3053 | D:5      | HP: 1/58 [orc warrior/dire flail (5)]
  3397 | D:5      | Found a shattered altar of Ashenzari.
  3662 | D:5      | Reached skill level 5 in Armour
  3826 | D:4      | Reached skill level 10 in Axes
  4114 | D:5      | Reached XP level 8. HP: 65/66 MP: 7/7
  4316 | D:5      | Mangled by an orc warrior

Skill      XL: |  1  2  3  4  5  6  7 |
---------------+----------------------+-----
Axes           | 4 5 6 7 8 10 | 10.4
Armour         | 3 4 5 |  5.3
Fighting       | |  3.9
Dodging        | |  2.3

Action                   |  1- 3 |  4- 6 |  7- 9 || total
-------------------------+-------+-------+-------++-------
Melee: Hand axe          |   125 |    94 |   145 ||   364
       Headbutt          |    13 |    21 |    20 ||    54
Invok: Burn Spellbooks   |       |     1 |     1 ||     2
  Use: Scroll            |       |       |     9 ||     9
       Potion            |       |       |     4 ||     4
  Eat: Chunk             |       |     4 |     2 ||     6
       Ration            |       |       |     1 ||     1
Armor: Animal skin       |     6 |       |       ||     6
       Ring mail         |    34 |    21 |    24 ||    79
       Chain mail        |       |       |    39 ||    39
       Skin              |       |       |    39 ||    39
Dodge: Dodged            |    72 |    57 |    60 ||   189
